 Dungeon Crawl Stone Soup version 0.28-a0-863-g8cecda6153 (webtiles) character file.

Game seed: 11801573258020959233

73 vineage the Skirmisher (level 4, 22/36 HPs)
             Began as a Demonspawn Gladiator on Nov 18, 2021.
             Quit the game on level 3 of the Dungeon.
             The game lasted 00:02:42 (2132 turns).

vineage the Skirmisher (Demonspawn Gladiator)       Turns: 2132, Time: 00:02:42

Health: 22/36      AC:  5    Str: 15    XL:     4   Next: 8%
Magic:  4/4        EV: 13    Int: 10    God:
Gold:   99         SH:  0    Dex: 20    Spells: 3/3 levels left

rFire   . . .      SeeInvis .     - Unarmed
rCold   . . .      Faith    .   (no shield)
rNeg    . . .      Spirit   .   b - +1 leather armour
rPois   .          Reflect  .   c - +0 helmet
rElec   .          Harm     .   (no cloak)
rCorr   .          Rampage  .   (no gloves)
Will    .....                   (no boots)
Stlth   +.........              m - amulet of regeneration
HPRegen 1.12/turn               j - +6 ring of dexterity
MPRegen 0.18/turn               (no ring)

@: no status effects
A: claws 1, magic regeneration
a: no special abilities


You were on level 3 of the Dungeon.
You visited 1 branch of the dungeon, and saw 3 of its levels.

You collected 99 gold pieces.

Inventory:

Hand Weapons
 a - a +0 war axe
Missiles
 d - 3 throwing nets (quivered)
Armour
 b - a +1 leather armour (worn)
 c - a +0 helmet (worn)
Jewellery
 j - a +6 ring of dexterity (left claw)
 m - an amulet of regeneration (around neck)
Scrolls
 h - a scroll of teleportation
Potions
 e - a potion of curing {unknown}
 f - 2 potions of heal wounds {unknown}
 k - a potion of cancellation {unknown}
 l - a potion of attraction {unknown}


   Skills:
 + Level 3.6 Fighting
 - Level 2.6 Axes
 - Level 1.7 Throwing
 - Level 2.6 Dodging
 + Level 2.0 Unarmed Combat


You had 3 spell levels left.
You didn't know any spells.
Your spell library contained the following spells:

 Spells                   Type           Power      Damage    Failure   Level
 Pain                     Necr           0%         1d4       43%         1
 Agony                    Necr           0%         N/A       100%        5
 Excruciating Wounds      Necr           0%         N/A       100%        5


Dungeon Overview and Level Annotations

Branches:
Dungeon (3/15)

Altars:

Shops:
D:1 [


Innate Abilities, Weirdness & Mutations

You have sharp fingernails.
You regenerate magic rapidly.


Message History

Jessica shouts!
The iguana hisses angrily.
Found a pair of gloves.
There is a stone staircase leading up here.
There are monsters nearby!
You barely miss Jessica. Jessica hits you with a +0 club.
You scratch Jessica.
Jessica is severely wounded.
You scratch Jessica.
You kill Jessica!
Your Unarmed Combat skill increases to level 2!
You have reached level 4!
You feel clever.
Your demonic ancestry asserts itself...
Your magic begins to regenerate rapidly.
You scratch the iguana.
The iguana is lightly wounded.
The iguana closely misses you.
You barely miss the iguana.
The iguana is lightly wounded.
The iguana bites you.
You scratch the iguana.
The iguana is heavily wounded.
The iguana bites you but does no damage.
You scratch the iguana but do no damage.
The iguana is heavily wounded.
The iguana bites you.
You scratch the iguana but do no damage.
The iguana is heavily wounded.
The iguana hisses menacingly.
The iguana barely misses you.
You scratch the iguana.
The iguana is severely wounded.
The iguana closely misses you.
You scratch the iguana but do no damage.
The iguana is severely wounded.
The iguana bites you!
You scratch the iguana.
The iguana is almost dead.
You feel your willpower return. The iguana bites you.
Are you sure you want to abandon this character and quit the game? (Confirm with "yes".)

#### ... #.#
##.##
#.###...########
#.......@l......
####.<.########
##[.).# ####.#
.# #


You could see an iguana.

Vanquished Creatures
  Jessica (D:3)
  A worm (D:2)
  A dart slug (D:2)
  An orc (D:2)
  6 endoplasms
  2 giant cockroaches (D:1)
  2 goblins (D:1)
  5 hobgoblins
  2 kobolds (D:2)
  A quokka (D:1)
  5 ball pythons
  5 bats
  3 frilled lizards
  5 rats
40 creatures vanquished.

Notes
Turn   | Place    | Note
-------+----------+-------------------------------------------
     0 | D:1      | vineage the Demonspawn Gladiator began the quest for the
                  | Orb.
     0 | D:1      | Reached XP level 1. HP: 16/16 MP: 1/1
    59 | D:1      | Found a faded altar of an unknown god.
   201 | D:1      | Found Golorats's Armour Shoppe.
   293 | D:1      | Gained mutation: You have sharp fingernails. [demonic
                  | ancestry]
   293 | D:1      | Reached XP level 2. HP: 14/23 MP: 2/2
   516 | D:1      | Reached skill level 3 in Fighting
  1268 | D:2      | Reached XP level 3. HP: 27/29 MP: 3/3
  1453 | D:2      | Reached skill level 1 in Unarmed Combat
  2118 | D:3      | Noticed Jessica
  2122 | D:3      | Killed Jessica
  2123 | D:3      | Gained mutation: You regenerate magic rapidly. [demonic
                  | ancestry]
  2123 | D:3      | Reached XP level 4. HP: 36/36 MP: 4/4
  2132 | D:3      | Quit the game

Illustrated notes

Levels and vault maps discovered:
D:1:      giann_bridges, layout_basic, ebering_ecumenical_altar_abandoned,
          serial_shops, nicolae_shop_behind_doors, hangedman_feature_mirror,
          hex_medium, st_stairs_4, minivault_25
D:2:      layout_loops_cross, serial_glass, glass_columns_a, glass_columns_b,
          glass_columns_b, glass_columns_c
D:3:      layout_loops_ring, grunt_decor_resistance, uniq_jessica

Skill      XL: |  1  2  3 |
---------------+----------+-----
Fighting       | 3 |  3.6
Unarmed Combat | 2 |  2.0
Axes           | |  2.6
Throwing       | |  1.7
Dodging        | |  2.6

Action                   |  1- 3 |  4- 6 || total
-------------------------+-------+-------++-------
Melee: War axe           |    25 |       ||    25
       Unarmed           |   126 |     8 ||   134
       Punch             |     1 |       ||     1
  Use: Scroll            |     3 |       ||     3
 Stab: Sleeping          |     2 |       ||     2
Armor: Leather armour    |    51 |     1 ||    52
Dodge: Dodged            |   104 |     3 ||   107

Table legend: (Time is in decaauts)
 A = Elapsed time spent in this place.
 B = Non-inter-level travel time spent in this place.
 C = Inter-level travel time spent in this place.
 D = Time resting spent in this place.
 E = Time spent auto-exploring this place.
 F = Levels seen in this place.
 G = Mean time per level.
                   A        B        C        D        E       F      G
               +--------+--------+--------+--------+--------+-----+--------+
         Total |   2138 |   2073 |     65 |      0 |   1750 |   3 |  712.7 |
       Dungeon |   2138 |   2073 |     65 |      0 |   1750 |   3 |  712.7 |
               +--------+--------+--------+--------+--------+-----+--------+

Top non-repeatable levels by time:
     D:2: 1149 daAuts
     D:1: 975 daAuts
     D:3: 13 daAuts
